[Event "Titled Tuesday Blitz December 27 Early 2022"]
[White "Abdilkhair, Abilmansur"]
[Black "Chernov, Mikhail"]
[WhiteFideId "13716417"]
[BlackFideId "24143170"]
[WhiteElo "2268"]
[BlackElo "2205"]
[Result "1-0"]
[Round "01"]
[TimeControl "180+2"]
[Date "2022.12.27"]
[WhiteClock "0:02:50"]
[BlackClock "0:02:18"]

1. d4 d5 2. Nf3 Nc6 3. e3 Bg4 4. Bb5 e6 5. Nbd2 Bd6 6. c4 a6 7. Bxc6+ bxc6 8. Qa4 Qd7 9. c5 Bxf3 10. Nxf3 Be7 11. Ne5 Qc8 12. Qxc6+ Kf8 13. Nd7+ Ke8 14. Nb6+ 1-0


[Site "https://www.chess.com"]

[Event "Titled Tuesday Blitz December 27 Early 2022"]
[White "Akylbekov, Nasyr"]
[Black "Kleiman, Jake"]
[WhiteFideId "13800353"]
[BlackFideId "2020041"]
[WhiteElo "2239"]
[BlackElo "2399"]
[Result "1-0"]
[Round "01"]
[TimeControl "180+2"]
[Date "2022.12.27"]
[WhiteClock "0:00:15"]
[BlackClock "0:00:03"]

1. e4 e5 2. Nf3 Nc6 3. Nc3 Nf6 4. d4 exd4 5. Nxd4 Bb4 6. Nxc6 bxc6 7. Bd3 O-O 8. O-O d5 9. exd5 cxd5 10. Bg5 c6 11. Qf3 Be7 12. Rae1 h6 13. Bxh6 gxh6 14. Qe3 Ng4 15. Qxe7 Qxe7 16. Rxe7 Be6 17. Re1 a5 18. Na4 Rfb8 19. b3 Kf8 20. Rc7 Rc8 21. Rxc8+ Rxc8 22. Nc5 Re8 23. f3 Nf6 24. Kf2 Ke7 25. a4 h5 26. g3 Kd6 27. Nb7+ Kc7 28. Nxa5 Ra8 29. b4 c5 30. Bb5 cxb4 31. Nc6 Bd7 32. Nxb4 Bxb5 33. axb5 Kd6 34. Rb1 Rb8 35. Nd3 Nd7 36. g4 hxg4 37. fxg4 Rc8 38. Rb2 Nb6 39. h4 Nc4 40. Rb4 Nb6 41. Rb2 Nc4 42. Ra2 Rb8 43. Ra6+ Ke7 44. Ra7+ Kf6 45. g5+ Kg7 46. h5 Rxb5 47. g6 Nd6 48. Ne5 Rc5 49. Nxf7 Ne4+ 50. Ke3 Rxc2 51. Ne5+ Kf6 52. Nd3 Rh2 53. Rf7+ Ke6 54. Nf4+ Kd6 55. g7 Rh4 56. g8=Q 1-0


[Site "https://www.chess.com"]

[Event "Titled Tuesday Blitz December 27 Early 2022"]
[White "Albertini, Luca"]
[Black "Odegov, Artem"]
[WhiteFideId "847038"]
[BlackFideId "34183644"]
[WhiteElo "2084"]
[BlackElo "2261"]
[Result "0-1"]
[Round "01"]
[TimeControl "180+2"]
[Date "2022.12.27"]
[WhiteClock "0:00:12"]
[BlackClock "0:00:04"]

1. e4 e6 2. d4 d5 3. e5 c5 4. c3 Qb6 5. a3 Nc6 6. Nf3 Nh6 7. b4 cxd4 8. cxd4 Nf5 9. Bb2 Be7 10. Bd3 Bd7 11. Bxf5 exf5 12. O-O O-O 13. Nc3 Be6 14. Na4 Qd8 15. Nc5 b6 16. Nd3 Rc8 17. Rc1 Qd7 18. Qd2 h6 19. h4 Rc7 20. Rc2 Rfc8 21. Rfc1 a5 22. b5 Na7 23. a4 Rxc2 24. Rxc2 Rxc2 25. Qxc2 Qc8 26. Qxc8+ Nxc8 27. g3 g5 28. hxg5 hxg5 29. Nfe1 Kg7 30. Kf1 Kg6 31. Ke2 f6 32. Nc2 Bf8 33. exf6 Kxf6 34. Ne5 Bd6 35. f4 gxf4 36. gxf4 Be7 37. Ba3 Bxa3 38. Nxa3 Nd6 39. Ke3 Ke7 40. Nb1 Kd8 41. Nc3 Kc7 42. Kd3 Kb7 43. Ne2 Ne4 44. Nc3 Kc7 45. Nc6 Nf6 46. Ne5 Kd6 47. Ne2 Ne4 48. Nc3 Bg8 49. Ne2 Be6 50. Ng1 Bd7 51. Ngf3 Be8 52. Nh4 Ke6 53. Nhf3 Nf2+ 54. Ke2 Ne4 55. Ke3 Nc3 56. Ng5+ Ke7 57. Kd3 Nxa4 58. Nc6+ Kd6 59. Na7 Nb2+ 60. Kc3 Nd1+ 61. Kd3 Nf2+ 62. Ke3 Ne4 63. Nf3 a4 64. Kd3 Kc7 65. Ne5 Kb7 66. Nac6 Bxc6 67. bxc6+ Kc7 68. Kc2 b5 69. Kb2 b4 70. Ka2 Nc3+ 71. Kb2 Ne2 72. Nf3 Nxf4 73. Nh4 Nd3+ 74. Kc2 a3 75. Kb3 Nc1+ 76. Kc2 a2 77. Kb2 b3 78. Nxf5 Nd3+ 79. Ka1 Nb4 80. Ne3 Nc2+ 81. Nxc2 bxc2 82. Kxa2 c1=Q 0-1


[Site "https://www.chess.com"]

[Event "Titled Tuesday Blitz December 27 Early 2022"]
[White "Alex_Sahakyan2006"]
[Black "Makhmudov, Shukhrat"]
[BlackFideId "14200775"]
[WhiteElo "2629"]
[BlackElo "2115"]
[Result "1-0"]
[Round "01"]
[TimeControl "180+2"]
[Date "2022.12.27"]
[WhiteClock "0:01:07"]
[BlackClock "0:01:19"]

1. d3 e6 2. Nf3 d5 3. g3 c6 4. Bg2 Nf6 5. O-O Nbd7 6. c4 Be7 7. b3 O-O 8. Bb2 Re8 9. Nbd2 Nf8 10. Ne5 N8d7 11. Ndf3 Nf8 12. Ng5 h6 13. Ngxf7 Qc7 14. Qd2 N6h7 15. Rac1 dxc4 16. dxc4 Bf6 17. Rfd1 Re7 18. Nd6 Bxe5 19. Bxe5 Ng6 20. Bb2 Bd7 21. Be4 Ngf8 22. Be5 Nf6 23. Bb1 Qb6 24. c5 Qa6 25. Rc4 Nd5 26. Ra4 1-0


[Site "https://www.chess.com"]

[Event "Titled Tuesday Blitz December 27 Early 2022"]
[White "Alice, Mateus Felizardo Viageiro"]
[Black "Toropov, Pavel"]
[WhiteFideId "14800047"]
[BlackFideId "24129178"]
[WhiteElo "2202"]
[BlackElo "2336"]
[Result "0-1"]
[Round "01"]
[TimeControl "180+2"]
[Date "2022.12.27"]
[WhiteClock "0:00:07"]
[BlackClock "0:00:40"]

1. e4 e6 2. d3 d5 3. Nd2 c5 4. g3 Nf6 5. Bg2 Nc6 6. Ngf3 b5 7. a4 b4 8. O-O Be7 9. e5 Nd7 10. Re1 Qc7 11. Qe2 a5 12. Nf1 Bb7 13. h4 O-O 14. N1h2 Rfc8 15. h5 h6 16. Ng4 Qd8 17. Bf4 Ra6 18. Qd2 Bf8 19. b3 Rb6 20. Rad1 Nd4 21. Nxd4 cxd4 22. Qc1 Rbc6 23. Re2 Qc7 24. Rdd2 Ba6 25. Qb2 Rc3 26. Nh2 Nc5 27. Nf3 Bxd3 28. cxd3 Rxb3 29. Qa2 Ra3 30. Qb1 Nxa4 31. Re1 Nc3 32. Qb2 Ra2 33. Qc1 Ne2+ 34. Rdxe2 Qxc1 35. Bxc1 Rxe2 36. Rxe2 Rxc1+ 37. Kh2 b3 38. Nxd4 a4 39. Rb2 Ba3 40. Re2 Bc5 41. Nxb3 axb3 42. Rb2 Rc3 43. Bf1 Ba3 44. Rb1 b2 45. d4 Rb3 46. Kg2 Rb4 47. Bd3 Rxd4 48. Bc2 Rd2 49. Bb3 Kf8 50. Kf1 Bc5 51. f3 Rf2+ 52. Ke1 Rxf3 53. Ba2 Rxg3 54. Rxb2 Rg1+ 0-1


[Site "https://www.chess.com"]

[Event "Titled Tuesday Blitz December 27 Early 2022"]
[White "Almeida Junior, Alvaro Alves de"]
[Black "Turzo, Attila"]
[WhiteFideId "2149974"]
[BlackFideId "704954"]
[WhiteElo "2062"]
[BlackElo "2279"]
[Result "0-1"]
[Round "01"]
[TimeControl "180+2"]
[Date "2022.12.27"]
[WhiteClock "0:01:17"]
[BlackClock "0:00:07"]

1. e4 c5 2. Nf3 d6 3. Bb5+ Bd7 4. Bxd7+ Nxd7 5. O-O Ngf6 6. Qe2 g6 7. Rd1 Bg7 8. c3 O-O 9. d4 Ne8 10. Bf4 Nc7 11. Nbd2 Ne6 12. Be3 Rc8 13. Rac1 Qc7 14. Nf1 a6 15. Ng3 c4 16. h4 b5 17. h5 Rfe8 18. hxg6 hxg6 19. Ng5 Nxg5 20. Bxg5 Nf6 21. Qe3 e6 22. Qf4 Nh7 23. Bh6 Qe7 24. e5 d5 25. Kf1 g5 26. Qg4 Bxh6 27. Ke2 Bg7 28. Rh1 f5 29. Qh5 Bf8 30. Rh2 Rc7 31. Rch1 Qf7 32. Qf3 Qg6 33. Nh5 Rf7 34. Nf6+ Nxf6 35. Rh8+ Kg7 36. exf6+ Kxf6 37. Qe3 e5 38. dxe5+ Rxe5 0-1


[Site "https://www.chess.com"]

[Event "Titled Tuesday Blitz December 27 Early 2022"]
[White "Altman, Joshua"]
[Black "Tang, Andrew"]
[WhiteFideId "426210"]
[BlackFideId "2059630"]
[WhiteElo "2120"]
[BlackElo "2523"]
[Result "0-1"]
[Round "01"]
[TimeControl "180+2"]
[Date "2022.12.27"]
[WhiteClock "0:00:02"]
[BlackClock "0:00:02"]

1. d4 d5 2. c4 e6 3. Nc3 Be7 4. cxd5 exd5 5. Nf3 c6 6. Qc2 Nf6 7. Bg5 g6 8. e3 Bf5 9. Bd3 Bxd3 10. Qxd3 O-O 11. O-O Nbd7 12. Rab1 a5 13. h3 Re8 14. Bf4 Bf8 15. Ne5 Nxe5 16. Bxe5 Bd6 17. Bxd6 Qxd6 18. Rfc1 Re7 19. Na4 Rae8 20. a3 Ne4 21. Nc5 Qf6 22. Nxe4 Rxe4 23. b4 axb4 24. axb4 R8e6 25. b5 Qf5 26. Qa3 Kg7 27. Qa7 Re7 28. bxc6 bxc6 29. Qb6 R7e6 30. Ra1 Rf6 31. Ra2 Ree6 32. Qd8 g5 33. Rf1 Rxe3 34. Ra8 Re4 35. Qh8+ Kh6 36. f3 Qf4 37. Rg8 Re2 38. Qg7+ Kh5 39. Qxh7+ Rh6 40. g4+ Kh4 41. Qxh6+ Kg3 42. Qd6 Qxd6 0-1


[Site "https://www.chess.com"]

[Event "Titled Tuesday Blitz December 27 Early 2022"]
[White "Ambartsumova, Karina"]
[Black "Antonio, Jorge Carlos"]
[WhiteFideId "4166299"]
[BlackFideId "113190"]
[WhiteElo "2393"]
[BlackElo "2277"]
[Result "1-0"]
[Round "01"]
[TimeControl "180+2"]
[Date "2022.12.27"]
[WhiteClock "0:00:06"]
[BlackClock "0:00:04"]

1. Nf3 d5 2. d4 c6 3. c4 dxc4 4. e4 b5 5. a4 Qb6 6. b3 Bg4 7. bxc4 Bxf3 8. gxf3 bxc4 9. Bxc4 e6 10. O-O Nd7 11. a5 Qc7 12. d5 cxd5 13. Bb5 Nf6 14. Re1 Bb4 15. Ba3 Bxa3 16. Nxa3 O-O 17. Qd4 dxe4 18. fxe4 Qe5 19. Qxe5 Nxe5 20. Kg2 g5 21. Rac1 Nh5 22. Rc7 Rfc8 23. Rec1 Rd8 24. Nc4 Nf4+ 25. Kf1 Rac8 26. Rxc8 Rxc8 27. Rc2 Nfd3 28. Ne3 Rxc2 29. Nxc2 Nc5 30. Ke2 Nxe4 31. Nd4 Nc5 32. h3 Kf8 33. Ke3 f5 34. Ne2 Ke7 35. Kd4 Ncd7 36. Nc3 Nf3+ 37. Ke3 Ng1 38. Bf1 g4 39. hxg4 fxg4 40. Kf4 h5 41. Ne4 Nf3 42. Be2 Nfe5 43. Kg5 h4 44. Kxh4 1-0


[Site "https://www.chess.com"]

[Event "Titled Tuesday Blitz December 27 Early 2022"]
[White "Andreev, Eduard"]
[Black "Sailer, Mike"]
[WhiteFideId "14103400"]
[BlackFideId "2012901"]
[WhiteElo "2413"]
[BlackElo "2109"]
[Result "1/2-1/2"]
[Round "01"]
[TimeControl "180+2"]
[Date "2022.12.27"]
[WhiteClock "0:00:05"]
[BlackClock "0:00:18"]

1. e4 d5 2. exd5 Qxd5 3. Nc3 Qd6 4. d4 Nf6 5. Nf3 c6 6. Bc4 Bg4 7. Be3 e6 8. h3 Bh5 9. O-O Be7 10. Re1 O-O 11. a4 a5 12. Be2 Nbd7 13. Qd2 Nb6 14. Bf4 Qd8 15. Rad1 Nbd5 16. Bg3 Nxc3 17. bxc3 Ne4 18. Qe3 Nxg3 19. fxg3 Bd6 20. Ne5 Bxe2 21. Rxe2 Qc7 22. g4 c5 23. Qe4 cxd4 24. cxd4 Rac8 25. Rb1 Bxe5 26. dxe5 Qc5+ 27. Kh2 Rc7 28. Rb5 Qc3 29. Qd3 Qxd3 30. cxd3 Rd8 31. Rxa5 g6 32. Rd2 Rd4 33. Kg3 Rc3 34. Kh4 Rdxd3 35. Rxd3 Rxd3 36. Rb5 Rd7 37. Kg5 Kg7 38. a5 h6+ 39. Kf4 g5+ 40. Ke4 Kg6 41. g3 Kg7 42. h4 gxh4 43. gxh4 h5 44. g5 Kg6 45. Rc5 Kg7 46. Rb5 Kg6 47. Rc5 Kg7 48. Rb5 1/2-1/2


[Site "https://www.chess.com"]

[Event "Titled Tuesday Blitz December 27 Early 2022"]
[White "Andreev, Konstantin"]
[Black "Moroni, Luca Jr"]
[WhiteFideId "24239305"]
[BlackFideId "865834"]
[WhiteElo "2195"]
[BlackElo "2535"]
[Result "0-1"]
[Round "01"]
[TimeControl "180+2"]
[Date "2022.12.27"]
[WhiteClock "0:00:19"]
[BlackClock "0:01:18"]

1. e4 g6 2. d4 Bg7 3. Nc3 a6 4. h4 h6 5. Be3 b5 6. Qd2 Bb7 7. f3 Nf6 8. O-O-O d6 9. g4 Nfd7 10. Kb1 Nb6 11. Nh3 N8d7 12. Rg1 e6 13. Qf2 Qe7 14. Nf4 b4 15. Nce2 a5 16. Nc1 a4 17. d5 exd5 18. Nxd5 Bxd5 19. exd5 O-O 20. h5 a3 21. Bd4 axb2 22. Nb3 Na4 23. Bxg7 Kxg7 24. Qd4+ Qe5 25. Qxe5+ Nxe5 26. Rd4 Nc3+ 27. Kxb2 Rxa2+ 28. Kc1 Nxf3 29. Rg3 Nxd4 30. Nxd4 Ra1+ 31. Kd2 0-1


[Site "https://www.chess.com"]

[Event "Titled Tuesday Blitz December 27 Early 2022"]
[White "Baches Garcia, Guillermo"]
[Black "Babazada, Khazar"]
[WhiteFideId "2209764"]
[BlackFideId "13413554"]
[WhiteElo "2327"]
[BlackElo "2474"]
[Result "1-0"]
[Round "01"]
[TimeControl "180+2"]
[Date "2022.12.27"]
[WhiteClock "0:00:13"]
[BlackClock "0:00:05"]

1. e4 Nf6 2. e5 Nd5 3. c4 Nb6 4. d4 d6 5. exd6 cxd6 6. Nc3 g6 7. Bd3 Bg7 8. Nge2 O-O 9. O-O Nc6 10. d5 Ne5 11. b3 e6 12. dxe6 Bxe6 13. Be4 Qe7 14. Be3 Rad8 15. Bxb6 axb6 16. Qd2 Kh8 17. Rad1 f5 18. Bd5 Bc8 19. Rfe1 Qh4 20. g3 Qg4 21. f4 Nc6 22. Bg2 g5 23. Nd5 gxf4 24. Qxf4 Qg6 25. Qd2 f4 26. Nexf4 Qh6 27. Ne7 Bg4 28. Rc1 Ne5 29. Ned5 Rf7 30. Rf1 Rdf8 31. Rce1 Qg5 32. Nxb6 h5 33. Qxd6 Re8 34. Nbd5 Kg8 35. h4 Qf5 36. Be4 Qc8 37. Ng6 Qa8 38. Nxe5 Bxe5 39. Qh6 Rg7 40. Nf6+ Kf8 41. Nxe8+ Kxe8 42. Bg2 Qa7+ 43. Kh2 Re7 44. Rxe5 Rxe5 45. Qh8+ 1-0


[Site "https://www.chess.com"]

[Event "Titled Tuesday Blitz December 27 Early 2022"]
[White "Bachmann, Axel"]
[Black "Ronka, Erik"]
[WhiteFideId "3700488"]
[BlackFideId "505080"]
[WhiteElo "2604"]
[BlackElo "2276"]
[Result "0-1"]
[Round "01"]
[TimeControl "180+2"]
[Date "2022.12.27"]
[WhiteClock "0:00:21"]
[BlackClock "0:00:58"]

1. Nf3 d5 2. e3 Nf6 3. c4 c6 4. Nc3 Nbd7 5. d4 e6 6. b3 Bd6 7. Bd3 O-O 8. O-O b6 9. e4 e5 10. exd5 cxd5 11. cxd5 exd4 12. Nxd4 Ne5 13. Be2 Bb7 14. Nf5 Rc8 15. Bb2 Bb8 16. d6 Kh8 17. Ne7 Rc5 18. Na4 Ra5 19. b4 Rxa4 20. Qxa4 Qxd6 21. Nf5 Nf3+ 0-1


[Site "https://www.chess.com"]

[Event "Titled Tuesday Blitz December 27 Early 2022"]
[White "Balakrishnan, Praveen"]
[Black "Donskov, Anatoly"]
[WhiteFideId "2064871"]
[BlackFideId "24143413"]
[WhiteElo "2529"]
[BlackElo "2279"]
[Result "0-1"]
[Round "01"]
[TimeControl "180+2"]
[Date "2022.12.27"]
[WhiteClock "0:00:09"]
[BlackClock "0:00:07"]

1. e4 c5 2. Nf3 e6 3. d4 cxd4 4. Nxd4 Nf6 5. Nc3 Nc6 6. Ndb5 Bc5 7. Bf4 O-O 8. Bc7 Qe7 9. Bd6 Bxd6 10. Qxd6 Qd8 11. O-O-O a6 12. Nd4 Ne7 13. Nb3 b5 14. h4 Ne8 15. Qd2 b4 16. Na4 a5 17. h5 Qc7 18. h6 g6 19. Bb5 Ra7 20. Rh3 Bb7 21. Nbc5 d5 22. exd5 Bxd5 23. Nd7 Rb7 24. Qd3 Rxb5 25. Qxb5 Bc6 26. Qc5 Bxd7 27. Qxc7 Nxc7 28. Rxd7 Ncd5 29. Nc5 Nf5 30. Rd3 Nf4 31. Rd2 Nxg2 32. Rd8 Nxh6 33. Ne4 Rxd8 34. Rxd8+ Kg7 35. Nd6 Nf5 36. Ne8+ Kh6 37. Nf6 Kg7 38. Ne8+ Kh6 39. Ra8 Kg5 40. Rxa5 h5 41. Nc7 h4 42. Ra8 h3 43. Rh8 Ngh4 44. Rd8 h2 45. Rd1 Kg4 46. Rh1 Kh3 47. a4 bxa3 48. bxa3 Kg2 49. Rxh2+ Kxh2 50. a4 Nd6 51. a5 Nc8 52. a6 Kg2 53. Nb5 Kxf2 54. Nd6 Na7 55. Nxf7 Nf3 56. c4 Nd4 57. Kd2 Kf3 58. Kd3 Ndc6 59. c5 Kf4 60. Kc4 g5 61. Nd6 g4 62. Nb5 g3 63. Nxa7 Nxa7 64. c6 Nxc6 65. Kc5 Na7 66. Kb6 g2 67. Kxa7 g1=Q+ 68. Kb7 Qb1+ 69. Kc7 Qa2 70. Kb7 e5 71. a7 Qxa7+ 72. Kxa7 e4 73. Kb7 e3 0-1


[Site "https://www.chess.com"]

[Event "Titled Tuesday Blitz December 27 Early 2022"]
[White "Barp, Alberto"]
[Black "Fabris, Alberto"]
[WhiteFideId "872555"]
[BlackFideId "801348"]
[WhiteElo "2432"]
[BlackElo "2230"]
[Result "1-0"]
[Round "01"]
[TimeControl "180+2"]
[Date "2022.12.27"]
[WhiteClock "0:00:09"]
[BlackClock "0:00:03"]

1. d4 Nf6 2. Nc3 d5 3. Bf4 Bf5 4. f3 e6 5. g4 Bg6 6. h4 h6 7. e3 Bd6 8. Nge2 a6 9. Qd2 c5 10. Bxd6 Qxd6 11. Nf4 Bh7 12. g5 Nfd7 13. O-O-O Nc6 14. Nh5 Rg8 15. dxc5 Qxc5 16. Bd3 Bxd3 17. cxd3 hxg5 18. d4 Qa5 19. hxg5 O-O-O 20. Kb1 Kb8 21. Nf4 g6 22. Rh7 Rdf8 23. Nxe6 fxe6 24. Rxd7 Rxf3 25. Qc2 Qb4 26. a3 Qc4 27. Re1 Rgf8 28. Na4 Qxc2+ 29. Kxc2 Rf2+ 30. Kb1 Kc8 31. Rg7 Rf1 32. Rxf1 Rxf1+ 33. Ka2 Re1 34. Rxg6 Rxe3 35. Rg7 Nxd4 36. g6 Nf5 37. Nb6+ Kb8 38. Rf7 Rg3 39. Rf6 Ne7 40. Rxe6 Nxg6 41. Nxd5 Ka7 42. a4 Rg2 43. a5 Rg5 44. Rd6 Re5 45. b4 Nh4 46. Nb6 1-0


[Site "https://www.chess.com"]

[Event "Titled Tuesday Blitz December 27 Early 2022"]
[White "Bas Mas, Jose Joaquin"]
[Black "Atakishiyev, Elmar"]
[WhiteFideId "22219064"]
[BlackFideId "13410547"]
[WhiteElo "2197"]
[BlackElo "2363"]
[Result "1/2-1/2"]
[Round "01"]
[TimeControl "180+2"]
[Date "2022.12.27"]
[WhiteClock "0:00:34"]
[BlackClock "0:00:19"]

1. e4 e5 2. Nf3 Nc6 3. Bb5 a6 4. Bxc6 dxc6 5. d3 Bd6 6. b3 Nf6 7. Nbd2 O-O 8. O-O Re8 9. Nc4 Nd7 10. Be3 Bf8 11. Kh1 b5 12. Na5 Nb8 13. a3 Bg4 14. h3 Bh5 15. b4 f6 16. g4 Bf7 17. Rg1 Kh8 18. Nh4 g6 19. Qf3 Be7 20. Ng2 Rf8 21. Qe2 Qe8 22. Raf1 Bd6 23. f4 Qe7 24. fxe5 Bxe5 25. Bc5 Bd6 26. Bd4 Be5 27. Bc5 Bd6 28. Bd4 Be5 29. Bc5 1/2-1/2


[Site "https://www.chess.com"]

[Event "Titled Tuesday Blitz December 27 Early 2022"]
[White "Baskakov, Egor"]
[Black "Ferreira, Vitor Hugo Vieira"]
[WhiteFideId "24197866"]
[BlackFideId "2119765"]
[WhiteElo "2215"]
[BlackElo "2128"]
[Result "1-0"]
[Round "01"]
[TimeControl "180+2"]
[Date "2022.12.27"]
[WhiteClock "0:01:03"]
[BlackClock "0:00:21"]

1. e4 c6 2. d4 d5 3. e5 Bf5 4. Ne2 e6 5. Ng3 Bg6 6. h4 h6 7. h5 Bh7 8. Bd3 Bxd3 9. cxd3 Qb6 10. Be3 Qxb2 11. Nd2 Qb5 12. O-O Qxd3 13. Rb1 Qa6 14. Qg4 Nd7 15. f4 c5 16. f5 O-O-O 17. fxe6 fxe6 18. Rf7 Ne7 19. Kh2 Nc6 20. Qxe6 cxd4 21. Bf4 Nxe5 22. Rc1+ Nc6 23. Nf5 Ba3 24. Nd6+ Bxd6 25. Qxd6 Qb6 26. Rxd7 Rxd7 27. Qb8# 1-0


[Site "https://www.chess.com"]

[Event "Titled Tuesday Blitz December 27 Early 2022"]
[White "Beerdsen, Thomas"]
[Black "Najdin, Danil"]
[WhiteFideId "1030108"]
[BlackFideId "4172426"]
[WhiteElo "2507"]
[BlackElo "2235"]
[Result "1-0"]
[Round "01"]
[TimeControl "180+2"]
[Date "2022.12.27"]
[WhiteClock "0:01:24"]
[BlackClock "0:01:03"]

1. b3 e5 2. Bb2 Nc6 3. e3 Nf6 4. Bb5 Bd6 5. Na3 Na5 6. Nh3 a6 7. Be2 b5 8. c4 Qe7 9. Nc2 Bb7 10. O-O bxc4 11. bxc4 O-O 12. Rb1 Rab8 13. d4 exd4 14. Nxd4 Be4 15. Bd3 Bxd3 16. Qxd3 Qe4 17. Qc3 Bb4 18. Qc1 c5 19. Nb3 Nxc4 20. Bxf6 gxf6 21. Nf4 Na3 22. Rb2 c4 23. Nd2 Qc6 24. Rxb4 Rxb4 25. Qxa3 Rfb8 26. Qc3 d5 27. Nh5 R8b6 28. e4 d4 29. Qxd4 c3 30. Qd8+ 1-0


[Site "https://www.chess.com"]

[Event "Titled Tuesday Blitz December 27 Early 2022"]
[White "Berezin, Viktor"]
[Black "Chigaev, Maksim"]
[WhiteFideId "14107872"]
[BlackFideId "4108116"]
[WhiteElo "2307"]
[BlackElo "2628"]
[Result "1/2-1/2"]
[Round "01"]
[TimeControl "180+2"]
[Date "2022.12.27"]
[WhiteClock "0:00:06"]
[BlackClock "0:00:10"]

1. d4 Nf6 2. Nf3 g6 3. g3 Bg7 4. Bg2 O-O 5. O-O d5 6. c4 c5 7. Nc3 dxc4 8. d5 Nbd7 9. h3 Ne8 10. e4 Ne5 11. Ne1 b5 12. Nxb5 Ba6 13. Nc3 Nd3 14. Nxd3 cxd3 15. Be3 Qa5 16. Qd2 Nd6 17. Bh6 Nc4 18. Qg5 Bxh6 19. Qxh6 Nxb2 20. Rfc1 Nc4 21. d6 Nxd6 22. Nd5 Rae8 23. Qg5 Qd8 24. Rxc5 Bb7 25. Rd1 Bxd5 26. Rxd5 e6 27. Qxd8 Rxd8 28. R5xd3 Nb7 29. e5 Rxd3 30. Rxd3 Nc5 31. Ra3 a6 32. Bf1 Rd8 33. Ra5 Rd5 34. Bxa6 Nxa6 35. Rxa6 Rxe5 36. a4 Re1+ 37. Kg2 Ra1 38. Ra8+ Kg7 39. a5 e5 40. a6 e4 41. a7 f5 42. h4 Ra2 43. g4 fxg4 44. Kg3 h5 45. Kg2 e3 46. Kg3 exf2 47. Kg2 Kh7 48. Kf1 g3 49. Kg2 Ra1 50. Rf8 Rxa7 51. Kxg3 Ra2 52. Rxf2 Ra3+ 53. Rf3 Ra4 54. Rb3 Kg7 55. Rb7+ Kh6 56. Rb3 Ra5 57. Rf3 Rf5 58. Rb3 Kg7 59. Rb7+ Kf6 60. Rb3 Re5 61. Rb6+ Kf5 62. Rb3 Rc5 63. Rf3+ Ke4 64. Ra3 Rd5 65. Ra4+ Kf5 66. Ra3 Ke5 67. Re3+ Kf5 68. Rf3+ Ke4 69. Rf6 Rd3+ 70. Kg2 Rd2+ 71. Kg3 Rd3+ 72. Kg2 Ke5 73. Rxg6 Kf4 74. Rg5 Rd2+ 75. Kg1 Rd1+ 76. Kg2 Rd2+ 77. Kg1 Rd1+ 78. Kg2 Rd2+ 1/2-1/2


[Site "https://www.chess.com"]

[Event "Titled Tuesday Blitz December 27 Early 2022"]
[White "Bilan, Danila"]
[Black "White, John S."]
[WhiteFideId "24161918"]
[BlackFideId "2502348"]
[WhiteElo "2303"]
[BlackElo "2235"]
[Result "1-0"]
[Round "01"]
[TimeControl "180+2"]
[Date "2022.12.27"]
[WhiteClock "0:00:06"]
[BlackClock "0:00:03"]

1. d4 Nf6 2. Nf3 g6 3. Bg5 Bg7 4. Nbd2 O-O 5. e4 d6 6. c3 c5 7. dxc5 dxc5 8. Bc4 Nc6 9. a4 b6 10. O-O Bb7 11. e5 Ng4 12. e6 f6 13. Bf4 Nge5 14. Nxe5 fxe5 15. Bg3 Qd6 16. Qe2 Na5 17. Ba2 Rad8 18. Ne4 Qc6 19. f3 c4 20. Ng5 Rf5 21. Nf7 Rc8 22. Bb1 Rh5 23. Nxe5 Qxe6 24. Re1 Rd8 25. Bc2 Nc6 26. Nxc6 Qxc6 27. Rad1 Re8 28. Be4 Qc8 29. Bxb7 Qxb7 30. Qxc4+ Kh8 31. Qf7 Rf8 32. Qxe7 1-0


[Site "https://www.chess.com"]

[Event "Titled Tuesday Blitz December 27 Early 2022"]
[White "Bintang, Rasyid A. Hidayat"]
[Black "Yaran, Siar"]
[WhiteFideId "7105355"]
[BlackFideId "6323006"]
[WhiteElo "1820"]
[BlackElo "2288"]
[Result "0-1"]
[Round "01"]
[TimeControl "180+2"]
[Date "2022.12.27"]
[WhiteClock "0:00:07"]
[BlackClock "0:00:07"]

1. d4 Nf6 2. Bf4 e6 3. e3 d5 4. Nd2 Bd6 5. Ngf3 O-O 6. Bd3 c5 7. dxc5 Bxf4 8. exf4 Qc7 9. g3 Qxc5 10. O-O b6 11. c3 Ba6 12. Nb3 Qc7 13. Nbd4 Bxd3 14. Qxd3 Nc6 15. Rfe1 Ne4 16. Nxc6 Qxc6 17. Nd4 Qc5 18. f3 Nd6 19. Kg2 b5 20. Re2 Rab8 21. a3 a5 22. f5 exf5 23. Nxf5 Nxf5 24. Qxf5 Rbe8 25. Rae1 Rxe2+ 26. Rxe2 g6 27. Qf4 Qc4 28. Qe5 Rd8 29. Rd2 b4 30. axb4 axb4 31. Rd4 Qb3 32. Rxb4 Qc2+ 33. Kh3 Qf2 34. Qf6 Qf1+ 35. Kh4 Rf8 36. Kg5 Qh3 37. Rh4 Qe6 38. Qxe6 fxe6 39. Rf4 Rb8 40. b4 Kg7 41. Kg4 Rc8 42. c4 dxc4 43. Rd4 c3 44. Rd1 Rc4+ 45. Kh3 Rxb4 46. Rc1 Rc4 47. f4 Kf6 48. Kg4 e5 49. Kf3 e4+ 50. Ke3 Kf5 51. h3 h5 52. Rc2 Ke6 53. Rc1 Kd5 54. g4 h4 55. f5 gxf5 56. gxf5 Ke5 57. Rf1 c2 58. f6 c1=Q+ 59. Rxc1 Rxc1 60. f7 Rf1 61. f8=Q Rxf8 0-1


[Site "https://www.chess.com"]

[Event "Titled Tuesday Blitz December 27 Early 2022"]
[White "Bluebaum, Matthias"]
[Black "Gurevich, Dmitry"]
[WhiteFideId "24651516"]
[BlackFideId "2000407"]
[WhiteElo "2669"]
[BlackElo "2393"]
[Result "1-0"]
[Round "01"]
[TimeControl "180+2"]
[Date "2022.12.27"]
[WhiteClock "0:01:46"]
[BlackClock "0:01:12"]

1. d4 Nf6 2. c4 a6 3. Nc3 c5 4. d5 b5 5. cxb5 axb5 6. Nxb5 Qa5+ 7. Nc3 Bb7 8. Bd2 Qb6 9. e4 e6 10. dxe6 fxe6 11. Bd3 Nc6 12. Nf3 Nb4 13. Be2 Nxe4 14. O-O Nxd2 15. Qxd2 Be7 16. Ne5 Nd5 17. Bf3 Bf6 18. Nxd5 exd5 19. Rfe1 O-O 20. Nxd7 Qxb2 21. Bxd5+ Kh8 22. Qxb2 Bxb2 23. Bxb7 Bxa1 24. Bxa8 1-0


[Site "https://www.chess.com"]

[Event "Titled Tuesday Blitz December 27 Early 2022"]
[White "Bok, Benjamin"]
[Black "Postnikov, Artem"]
[WhiteFideId "1017063"]
[BlackFideId "34153575"]
[WhiteElo "2607"]
[BlackElo "2197"]
[Result "1-0"]
[Round "01"]
[TimeControl "180+2"]
[Date "2022.12.27"]
[WhiteClock "0:02:41"]
[BlackClock "0:00:58"]

1. d4 d5 2. c4 c6 3. Nf3 Nf6 4. cxd5 cxd5 5. Nc3 Nc6 6. Bf4 Bf5 7. e3 e6 8. Qb3 Bb4 9. Ne5 O-O 10. Nxc6 Bxc3+ 11. Qxc3 bxc6 12. Qa3 Qb6 13. Ba6 Rfd8 14. O-O Ne4 15. f3 Nd2 16. Rfc1 Nc4 17. Bxc4 dxc4 18. Rxc4 Bd3 19. Qxd3 1-0


[Site "https://www.chess.com"]

[Event "Titled Tuesday Blitz December 27 Early 2022"]
[White "Boros, Denes"]
[Black "Bazarov, Konstantin"]
[WhiteFideId "722340"]
[BlackFideId "4137000"]
[WhiteElo "2406"]
[BlackElo "2235"]
[Result "1-0"]
[Round "01"]
[TimeControl "180+2"]
[Date "2022.12.27"]
[WhiteClock "0:00:52"]
[BlackClock "0:00:08"]

1. d4 d5 2. Nc3 c6 3. Nf3 Bf5 4. Nh4 Bg6 5. g3 e6 6. Bg2 Bb4 7. O-O Nf6 8. Nxg6 hxg6 9. Nb1 Bd6 10. c4 Nbd7 11. Qb3 Rb8 12. Nc3 O-O 13. Bg5 Be7 14. Bf4 dxc4 15. Qxc4 Nb6 16. Qb3 Ra8 17. Rfd1 Nfd5 18. Bd2 Nxc3 19. bxc3 Qc7 20. a4 Nd7 21. Bf4 Qb6 22. Qc4 Qa5 23. Qb3 Qb6 24. Qc2 a5 25. h4 Nf6 26. Rab1 Qa6 27. e4 c5 28. Bf1 Qc6 29. d5 exd5 30. exd5 Qc8 31. d6 Bd8 32. Qb3 Ra7 33. d7 Qc6 34. Bg2 c4 35. Bxc6 cxb3 36. Bb5 Be7 37. Be3 Raa8 38. Rxb3 Ng4 39. Bb6 Kh7 40. c4 Bd8 41. Bc5 Rg8 42. Re1 Nf6 43. Rd3 b6 44. Bd6 Kh6 45. Kg2 g5 46. hxg5+ Kxg5 47. Rd4 Kg6 48. c5 bxc5 49. Bd3+ Kg5 50. Bf4+ Kg4 51. f3+ Kh5 52. Rh1# 1-0


[Site "https://www.chess.com"]